[Event "Early-Titled-Tuesday-Blitz-April-02-2024"]
[Site "Chess.com"]
[Date "2024.04.02"]
[Round "1"]
[White "Ellaijio_B"]
[Black "GrotBchess"]
[Result "0-1"]
[WhiteElo "2727"]
[BlackElo "2449"]
[TimeControl "180+1"]
[EndTime "8:07:47 PDT"]
[Termination "GrotBchess won by resignation"]

1. c4 e6 2. Nf3 Nf6 3. g3 d5 4. Bg2 c5 5. cxd5 exd5 6. d4 Nc6 7. Nc3 cxd4 8. Nxd4 Bc5 9. Nb3 Bb6 10. Na4 O-O 11. O-O d4 12. Bg5 Re8 13. Nxb6 axb6 14. Re1 h6 15. Bxf6 Qxf6 16. Bxc6 bxc6 17. Qxd4 Qd8 18.
Qxd8 Rxd8 19. Rad1 Be6 20. Nc1 Rxd1 21. Rxd1 Bxa2 22.
f3 Bc4 23. Kf2 h5 24. h4 g6 25. Ke3 Kg7 26. Rd6 Ra1 27. Kd2 Bb5 28. Rd7 Ba4 29.
Rb7 Bb5 30. Rxb6 Ra4 31. e3 Rb4 32. b3 g5 33. Kc3 gxh4 34. Kxb4 h3 35. Nd3 Bxd3 36.
Rxc6 Bf1 37. Rc5 Kg6 38. Rc1 Bg2 39. Rc4 h2 40. Rh4 h1=Q 41. Rxh1 Bxh1 42. f4 Kf5 43. Kc5 Ke4 44. Kd6 Kxe3 45. f5 Kf3 46. Ke7 Kxg3 47. Kxf7 Bd5+ 48. Kg6 h4 49. b4 h3 50. f6 h2 51. f7 Bxf7+ 52. Kxf7 h1=Q 0-1

[Event "Early-Titled-Tuesday-Blitz-April-02-2024"]
[Site "Chess.com"]
[Date "2024.04.02"]
[Round "1"]
[White "esrosenberg"]
[Black "eagleclaw07"]
[Result "1-0"]
[WhiteElo "2518"]
[BlackElo "2846"]
[TimeControl "180+1"]
[EndTime "8:07:48 PDT"]
[Termination "esrosenberg won by resignation"]

1. d4 Nf6 2. c4 g6 3. Nc3 Bg7 4. e4 O-O 5. Nf3 d6 6. h3 e5 7. dxe5 dxe5 8. Qxd8 Rxd8 9. Bg5 c6 10. Nxe5 Re8 11. O-O-O Na6 12. Nf3 Nc5 13. e5 Nfd7 14.
Be3 b6 15. h4 Nxe5 16. Nxe5 Bxe5 17. h5 Bg4 18. hxg6 Bxd1 19. gxh7+ Kg7 20. Nxd1 Rad8 21. Kc2 Ne6 22. Bd3 Bf4 23. g3 Bxe3 24. Nxe3 Nd4+ 25. Kc3 c5 26. Rh4 Nf3 27. Rg4+ Kh8 28. Nd5 Ne5 29. Rf4 Nxd3 30. Kxd3 Kg7 31. a4 Re6 32. Kc3 Rd7 33.
a5 bxa5 34. Rf5 Rd8 35. Nf4 Rh6 36. Rxc5 Rxh7 37. Rxa5 Rh2 38. Rxa7 Re8 39. Nd3 Rh1 40. c5 Rd1 41. b4 Rd8 42. Nf4 Rc1+ 43. Kb2 Rf1 44. Ne6+ Kg6 45. Nxd8 Rxf2+ 46. Kb3 Rf3+ 47. Kc4 Rxg3 48. Nxf7 1-0

[Event "Early-Titled-Tuesday-Blitz-April-02-2024"]
[Site "Chess.com"]
[Date "2024.04.02"]
[Round "1"]
[White "ExchangeAB"]
[Black "GMG"]
[Result "1/2-1/2"]
[WhiteElo "2475"]
[BlackElo "2780"]
[TimeControl "180+1"]
[EndTime "8:07:49 PDT"]
[Termination "Game drawn - timeout vs insufficient material"]

1. d4 d5 2. Bf4 c5 3. e3 Nc6 4. Nf3 cxd4 5. exd4 Bg4 6. c3 e6 7. Be2 Nge7 8. Qb3 Qd7 9. Nbd2 f6 10. h3 Bh5 11. g4 Bf7 12. Bg3 Ng6 13. c4 Bd6 14. cxd5 exd5 15. O-O h5 16. Kg2 hxg4 17. hxg4 Bxg3 18.
fxg3 O-O-O 19. Rh1 Qxg4 20. Kf2 Qf5 21. Bb5 Nge7 22.
Rac1 Rxh1 23. Rxh1 Nxd4 24. Qc3+ Ndc6 25. Bxc6 Nxc6 26. b4 d4 27. Qc1 Kb8 28. b5 Nb4 29. Qa3 Nd3+ 30. Kg2 Re8 31. Qd6+ Ka8 32. Qxd4 Bd5 33.
Rf1 Ne1+ 34. Rxe1 Rxe1 35. g4 Qe6 36. Kg3 Re3 37. Kf2 Re2+ 38. Kg3 Qd6+ 39. Qf4 Qxf4+ 40.
Kxf4 Bxf3 41. Nxf3 Rxa2 42. g5 fxg5+ 43. Nxg5 Rb2 44.
b6 Rb4+ 45. Ke3 Rxb6 46. Kd4 Rb5 47. Ne6 Kb8 48. Nxg7 a5 49. Kc4 1/2-1/2

[Event "Early-Titled-Tuesday-Blitz-April-02-2024"]
[Site "Chess.com"]
[Date "2024.04.02"]
[Round "1"]
[White "CarlosjPineror"]
[Black "falzehope0"]
[Result "1-0"]
[WhiteElo "2678"]
[BlackElo "2382"]
[TimeControl "180+1"]
[EndTime "8:07:50 PDT"]
[Termination "CarlosjPineror won by checkmate"]

1. e4 d6 2. d4 Nf6 3. Nc3 Nbd7 4.
g3 e5 5. Nge2 Be7 6. Bg2 O-O 7.
O-O c6 8. a4 Qc7 9. h3 Re8 10. f4 h6 11. dxe5 dxe5 12. Be3 Nf8 13. f5 N6h7 14. h4 Nf6 15. Bf3 N8h7 16. Qe1 Qa5 17.
Qf2 Bb4 18. Rfd1 Qc7 19. Na2 Bf8 20. Rd3 Qa5 21. Nac3 Bb4 22. Rad1 Nf8 23. g4 N6h7 24. g5 hxg5 25. hxg5 g6 26. Bg4 b6 27. Kg2 Bc5 28. Bxc5 Qxc5 29. Qh4 b5 30. axb5 cxb5 31. Nd5 Bb7 32. Bf3 Bxd5 33. Rxd5 Qxc2 34. f6 Ne6 35. R1d2 Qc4 36. Rxe5 Nexg5 37. Rxg5 Qb4 38. Rgd5 Rac8 39. Nf4 a5 40. Nxg6 fxg6 41. Rd7 Qxd2+ 42. Rxd2 Rc7 43. Qh6 Rf7 44. e5 Kh8 45. Qxg6 Rg8 46. Qxg8+ Kxg8 47. Bd5 Nf8 48. Kf3 Ng6 49. Ke4 Kf8 50. Bxf7 Kxf7 51. Rd5 Nf8 52. Rxb5 a4 53. Ra5 Ng6 54. Rxa4 Nf8 55.
Ra7+ Ke6 56. Re7# 1-0

[Event "Early-Titled-Tuesday-Blitz-April-02-2024"]
[Site "Chess.com"]
[Date "2024.04.02"]
[Round "1"]
[White "HATilay"]
[Black "LeoWin2012"]
[Result "1-0"]
[WhiteElo "2619"]
[BlackElo "2295"]
[TimeControl "180+1"]
[EndTime "8:07:51 PDT"]
[Termination "HATilay won by checkmate"]

1. e4 e5 2. Nf3 Nf6 3. d4 Nxe4 4.
Bd3 d5 5. Nxe5 Bd6 6. Nc3 Nxc3 7. bxc3 Nc6 8. O-O O-O 9. Re1 Qf6 10. Qh5 g6 11. Ng4 Bxg4 12. Qxg4 Rfe8 13. Bg5 Qg7 14. Qf3 f5 15. Qxd5+ Qf7 16. Qb5 Rxe1+ 17. Rxe1 Re8 18. Rb1 Kg7 19. Bc4 Qd7 20. g3 h6 21. Bd2 f4 22.
Qd5 fxg3 23. hxg3 Rf8 24. Re1 Ne7 25. Qe4 Nf5 26. Be6 Qd8 27. c4 c6 28. d5 Qf6 29.
Qf3 c5 30. Bc3 Nd4 31. Qxf6+ Rxf6 32. Re4 Kf8 33. f4 g5 34. f5 Bxg3 35. Kg2 Bd6 36. Rxd4 cxd4 37. Bxd4 Rxe6 38. fxe6 b6 39. Bf6 g4 40. c3 h5 41. Bg5 Kg7 42. a4 Kg6 43.
Be3 Kf6 44. a5 bxa5 45. c5 Be5 46. Bd4 a4 47. Bxe5+ Ke7 48. Bd6+ Kf6 49. e7 Kf7 50. c6 a3 51. Bxa3 h4 52. c7 h3+ 53. Kg3 Kf6 54. e8=Q Kf5 55. Qe6+ Kg5 56. Be7+ Kh5 57. Qf5+ Kh6 58. Bf8# 1-0

[Event "Early-Titled-Tuesday-Blitz-April-02-2024"]
[Site "Chess.com"]
[Date "2024.04.02"]
[Round "1"]
[White "EdmundPlayer"]
[Black "Ajedrez_con_German"]
[Result "0-1"]
[WhiteElo "2265"]
[BlackElo "2611"]
[TimeControl "180+1"]
[EndTime "8:07:52 PDT"]
[Termination "Ajedrez_con_German won on time"]

1. c4 Nf6 2. Nf3 e6 3. g3 b6 4. Bg2 Bb7 5. Nc3 Be7 6. O-O O-O 7. b3 Ne4 8. Nxe4 Bxe4 9. d3 Bb7 10. Bb2 c5 11. e4 d6 12. Re1 Nd7 13. d4 cxd4 14.
Nxd4 a6 15. Qe2 Qc7 16. Rad1 Rfe8 17. h4 Bf8 18. f4 e5 19. Nf5 exf4 20. gxf4 g6 21.
Qg4 Nc5 22. e5 Bxg2 23. Qxg2 dxe5 24. Bxe5 Qb7 25. Qxb7 Nxb7 26. Kf2 Nc5 27. Nd6 Bxd6 28. Rxd6 Rad8 29. Rxd8 Rxd8 30. Ke3 f5 31. Re2 Kf7 32.
Rd2 Rxd2 33. Kxd2 Ke6 34. Ke3 Ne4 35. a4 Kd7 36. Kd4 Kc6 37. Bb8 a5 38. Ke5 Kb7 39.
Bd6 Kc6 40. Be7 Kd7 41. Ba3 Ng3 42. Kf6 Nh5+ 43. Kf7 Nxf4 44. Kg7 Ng2 45. Kxh7 Nxh4 46. Kh6 f4 47. Kg5 f3 0-1

[Event "Early-Titled-Tuesday-Blitz-April-02-2024"]
[Site "Chess.com"]
[Date "2024.04.02"]
[Round "1"]
[White "Flaccidmoves"]
[Black "only_strong_moves"]
[Result "1-0"]
[WhiteElo "2439"]
[BlackElo "2709"]
[TimeControl "180+1"]
[EndTime "8:07:55 PDT"]
[Termination "Flaccidmoves won by resignation"]

1. c4 e5 2. Nf3 e4 3. Nd4 g6 4. Nc3 Bg7 5. Nc2 f5 6. d4 Nf6 7. Bg5 d6 8. e3 Be6 9. d5 Bf7 10. Nd4 h6 11. Bh4 O-O 12. Be2 c5 13. Ne6 Bxe6 14. dxe6 Nc6 15. Nd5 g5 16. Bg3 Nxd5 17.
cxd5 Qa5+ 18. Qd2 Qxd2+ 19. Kxd2 Nb4 20. Bc4 f4 21. exf4 gxf4 22. Bh4 Rf5 23. Rhe1 Re5 24. g3 Nxd5 25. gxf4 Nxf4 26. Bg3 Rf5 27. Rxe4 d5 28. Rxf4 Rxf4 29. Bxf4 dxc4 30. Kc2 Re8 31. Re1 Kh7 32.
Bd6 b6 33. f4 Kg6 34. Rg1+ Kh7 35. f5 Bf6 36. Rg6 Bg5 37. Be5 Re7 38. Bf6 Bxf6 39.
Rxf6 b5 40. Kc3 a6 41. a4 Re8 42. Rf7+ Kg8 43. Rd7 Rf8 44. Rd5 Rc8 45. f6 Kf8 46. Rd6 Ra8 47. Rc6 bxa4 48. Kxc4 Rb8 49. Kxc5 Ke8 50.
Rxa6 Rc8+ 51. Kd6 Rd8+ 52. Ke5 Rb8 53. f7+ Kf8 54. Kf6 1-0

[Event "Early-Titled-Tuesday-Blitz-April-02-2024"]
[Site "Chess.com"]
[Date "2024.04.02"]
[Round "1"]
[White "PonyQueen07"]
[Black "Goffredo_Fofi"]
[Result "0-1"]
[WhiteElo "1808"]
[BlackElo "2552"]
[TimeControl "180+1"]
[EndTime "8:07:55 PDT"]
[Termination "Goffredo_Fofi won by checkmate"]

1. c4 g6 2. Nc3 Bg7 3. g3 e5 4. Bg2 f5 5. d3 Nf6 6. Nf3 d6 7. O-O O-O 8. Bd2 Nc6 9. a3 h6 10.
b4 g5 11. e3 Be6 12. Ne2 Qd7 13. Rc1 Rf7 14. d4 exd4 15. exd4 d5 16. b5 Ne7 17. Ne5 Qd8 18. Nxf7 Bxf7 19. c5 Ne4 20. Be3 a6 21. a4 Qd7 22. f3 Nf6 23. Qb3 Ng6 24. Rfe1 Re8 25. Bf2 axb5 26. axb5 f4 27. Nc3 Rd8 28. Qc2 h5 29. Re2 fxg3 30. hxg3 h4 31. gxh4 gxh4 32. Rce1 h3 33. Bh1 Bf8 34. Bg3 Nh5 35.
Bh2 Nhf4 36. Bxf4 Nxf4 37. Rh2 Bg6 38. Qd2 Bh6 39. Qf2 Kh7 40. Qh4 Rg8 41. Kf2 Nd3+ 42.
Kf1 Nxe1 43. Kxe1 Qe8+ 44. Re2 Qc8 45. Re7+ Rg7 46. Rxg7+ Kxg7 47. Nxd5 Qe6+ 48. Kf2 Qxd5 49. Qe7+ Bf7 50. Qxc7 Qxd4+ 51. Kg3 Qg1+ 52. Kh4 Bg5+ 53. Kxh3 Qxh1+ 54. Kg4 Qg2+ 55. Kf5 Bf6 56. Qf4 Qg6# 0-1

[Event "Early-Titled-Tuesday-Blitz-April-02-2024"]
[Site "Chess.com"]
[Date "2024.04.02"]
[Round "1"]
[White "Itay121"]
[Black "MITerryble"]
[Result "0-1"]
[WhiteElo "2533"]
[BlackElo "2985"]
[TimeControl "180+1"]
[EndTime "8:07:56 PDT"]
[Termination "MITerryble won by checkmate"]

1. d4 Nf6 2. Nc3 d5 3. Bf4 e6 4. Nb5 Na6 5. e3 c6 6. Nc3 Nc7 7. Nf3 Nh5 8. Be5 Bb4 9. Bd3 O-O 10.
O-O g6 11. h3 f6 12. Bh2 Bd6 13. e4 Bxh2+ 14. Kxh2 Qd6+ 15. Kg1 e5 16. dxe5 fxe5 17.
exd5 cxd5 18. Re1 Re8 19. Nb5 Nxb5 20. Bxb5 Re7 21. c3 Nf4 22. Bf1 Bf5 23. Qb3 Rd8 24. Rad1 Kg7 25. Qa4 Kg8 26. Qxa7 h6 27. Qe3 g5 28.
Nh2 Rf8 29. Ng4 h5 30. Nxe5 Ng6 31. Nc4 Qf6 32. Qb6 dxc4 33. Bxc4+ Kg7 34. Rxe7+ Nxe7 35. Qxb7 Qe5 36. Bb3 g4 37. Qb6 gxh3 38. g3 Bg4 39.
Rc1 h4 40. gxh4 Ng6 41. Qb7+ Kh6 42. Qb4 Qe2 43. Qd4 Qf3 44. Qe3+ Qxe3 45. fxe3 Nxh4 46. Kh2 Kg5 47. Kg3 Rf3+ 48. Kh2 Rf2+ 49. Kh1 Nf3 50.
Rg1 Rh2# 0-1

[Event "Early-Titled-Tuesday-Blitz-April-02-2024"]
[Site "Chess.com"]
[Date "2024.04.02"]
[Round "1"]
[White "RichardShtivelband"]
[Black "Bilan_Danila"]
[Result "0-1"]
[WhiteElo "2259"]
[BlackElo "2609"]
[TimeControl "180+1"]
[EndTime "8:07:56 PDT"]
[Termination "Bilan_Danila won by resignation"]

1. d4 d5 2. c4 c6 3. Nf3 Nf6 4. Nc3 e6 5. e3 Nbd7 6. Bd3 Bd6 7. e4 dxe4 8. Nxe4 Nxe4 9. Bxe4 Nf6 10.
Bc2 c5 11. O-O h6 12. dxc5 Bxc5 13. Qxd8+ Kxd8 14. Rd1+ Ke7 15. Bf4 b6 16. a3 a5 17.
Ne5 Bb7 18. Nd3 Bd4 19. Be5 Rhd8 20. Rac1 Ne4 21. Bxd4 Rxd4 22. Ne5 Rad8 23. Rxd4 Rxd4 24. Rd1 Rxd1+ 25. Bxd1 Nd2 26. b3 f6 27. Ng6+ Kd6 28. f3 a4 29. bxa4 Nxc4 30. Kf2 Nxa3 31. Ke3 e5 32. h4 Nc4+ 33. Ke2 Ba6 34. Kf2 Nb2 35. Bb3 Bc4 36. Bc2 Bf7 37. h5 Bxg6 38. hxg6 Kc5 39. Ke3 Nc4+ 40. Ke4 Nd6+ 41. Kd3 Kb4 42. g3 Nf5 43. g4 Nd6 44. Bd1 Kc5 45. f4 exf4 0-1

[Event "Early-Titled-Tuesday-Blitz-April-02-2024"]
[Site "Chess.com"]
[Date "2024.04.02"]
[Round "1"]
[White "Louis-Paulsen-Fan"]
[Black "Maxfan2008"]
[Result "1-0"]
[WhiteElo "2266"]
[BlackElo "2590"]
[TimeControl "180+1"]
[EndTime "8:07:56 PDT"]
[Termination "Louis-Paulsen-Fan won on time"]

1. d4 d5 2. Nf3 Nf6 3. c4 c6 4.
Nc3 dxc4 5. e4 b5 6. e5 Nd5 7. a4 a6 8. axb5 Nxc3 9. bxc3 cxb5 10. Ng5 e6 11. Nxf7 Kxf7 12. Qf3+ Ke8 13. Qxa8 Qb6 14. Be2 Be7 15. Qe4 Bb7 16. Qg4 g6 17. Bh6 Nd7 18.
O-O Bf8 19. Bxf8 Kxf8 20. Rfb1 Bd5 21. Bf3 Bxf3 22. Qxf3+ Kg7 23. h4 Rf8 24. Qg4 Nxe5 25. Qg3 Nd3 26. Ra2 a5 27. h5 Rf5 28. hxg6 hxg6 29. Qe3 e5 30. Re2 exd4 31. cxd4 Rf7 32. Qe4 b4 33. Rc2 b3 34. Rxc4 Nxf2 35. Qe5+ Kh7 36.
Rc8 Rg7 37. Kxf2 Rf7+ 38. Kg1 Rf6 39. Rb8 Qc6 40. Rc8 Qb6 41. Rc5 Rf5 42. Qe7+ Kh6 43. Rxf5 Qxd4+ 44. Rf2 b2 45. Qe1 a4 46. Qd2+ Qxd2 47. Rxd2 a3 48. Rdxb2 a2 49. Ra1 1-0

[Event "Early-Titled-Tuesday-Blitz-April-02-2024"]
[Site "Chess.com"]
[Date "2024.04.02"]
[Round "1"]
[White "jk13"]
[Black "AsaHoffmann"]
[Result "1-0"]
[WhiteElo "2701"]
[BlackElo "2397"]
[TimeControl "180+1"]
[EndTime "8:07:57 PDT"]
[Termination "jk13 won by resignation"]

1. e4 d6 2. d4 c6 3. Nc3 a6 4.
h3 Nd7 5. f4 g6 6. Nf3 Bg7 7. Bd3 b5 8. O-O Bb7 9. e5 d5 10. f5 gxf5 11. Bxf5 e6 12. Bd3 h6 13. Qe1 c5 14. Qg3 Bf8 15. Qf4 Qe7 16. Be3 c4 17. Be2 O-O-O 18. Nh2 h5 19. Qxf7 Qxf7 20. Rxf7 Bh6 21.
Bf2 Bd2 22. Bh4 Nh6 23. Re7 Nf5 24. Nf3 Bxc3 25. bxc3 Nxe7 26. Bxe7 Rde8 27. Bg5 Rhg8 28. h4 a5 29. a3 Nb8 30. Rb1 Ba6 31. Kf2 Nc6 32.
Ke3 Kd7 33. Nh2 Rb8 34. Bxh5 b4 35. axb4 axb4 36. Ra1 Bb5 37. cxb4 Nxb4 38. Ra7+ Kc6 39.
Kd2 Rbf8 40. Bf7 Rg7 41. Be8+ Rxe8 42. Rxg7 Kb6 43. h5 Nc6 44. c3 Ra8 45. h6 Ra2+ 46. Ke3 Rxg2 47. Nf3 Rg3 48. Kf4 Rh3 49. Kg4 Rh1 50. Nh4 Nxd4 51. cxd4 c3 52. h7 c2 53. h8=Q c1=Q 54. Bxc1 Rxc1 55. Qb8+ Ka5 56. Ra7+ Kb4 57. Rb7 Rc4 58. Rxb5+ Kc3 59. Nf3 Kd3 60. Rb3+ 1-0

[Event "Early-Titled-Tuesday-Blitz-April-02-2024"]
[Site "Chess.com"]
[Date "2024.04.02"]
[Round "1"]
[White "pirulillo"]
[Black "Ginger_GM"]
[Result "0-1"]
[WhiteElo "2340"]
[BlackElo "2642"]
[TimeControl "180+1"]
[EndTime "8:07:57 PDT"]
[Termination "Ginger_GM won by resignation"]

1. e4 d6 2. d4 Nf6 3. Nc3 Nbd7 4. f4 e5 5. Nf3 exd4 6. Qxd4 c6 7. Bd3 d5 8. e5 Bc5 9. Qa4 Ng4 10. Bd2 Bf2+ 11. Ke2 b5 12. Qb3 a5 13. a4 b4 14. Nd1 Bb6 15.
h3 Nh6 16. Be3 Bxe3 17. Nxe3 Nc5 18. Qa2 Ne4 19. Rhd1 Qb6 20. Bxe4 dxe4 21. Nd4 Ba6+ 22. Kf2 O-O 23. Rd2 Kh8 24. Rad1 Ng8 25. c3 Ne7 26.
Nc4 Qa7 27. Nd6 Nd5 28. Kg3 e3 29. Re2 bxc3 30. Nxc6 Qc5 31. Rxd5 Qxc6 32. Rxe3 c2 33. Rc3 c1=Q 34. Rxc6 Qxc6 35. Rxa5 Qc7 36. b4 h6 37. b5 Bb7 38. Rxa8 Bxa8 39. a5 Qc3+ 40. Kh2 Qd4 41. Qc4 Qxc4 42. Nxc4 Rb8 43. b6 Bb7 44. Nd6 Ba6 45.
Nxf7+ Kg8 46. Nd6 Kf8 47. f5 Ke7 48. g4 Kd7 49. h4 Kc6 50. g5 hxg5 51. hxg5 Kd5 52.
f6 gxf6 53. exf6 Kxd6 54. g6 Ke6 55. g7 Kf7 0-1

[Event "Early-Titled-Tuesday-Blitz-April-02-2024"]
[Site "Chess.com"]
[Date "2024.04.02"]
[Round "1"]
[White "JacksterThePro"]
[Black "Witik"]
[Result "1/2-1/2"]
[WhiteElo "2462"]
[BlackElo "2771"]
[TimeControl "180+1"]
[EndTime "8:07:58 PDT"]
[Termination "Game drawn by repetition"]

1. Nf3 Nf6 2. g3 g6 3. Bg2 Bg7 4. O-O O-O 5. d4 d5 6. c4 c6 7. b3 dxc4 8. bxc4 c5 9. Bb2 Qb6 10. Qb3 Ne4 11. Nc3 Nxc3 12. Bxc3 Nc6 13. Rfd1 Bg4 14.
e3 Rfd8 15. Rac1 cxd4 16. exd4 Bxf3 17. Bxf3 Nxd4 18. Bxd4 Bxd4 19. Qxb6 axb6 20. Rd2 Ra7 21. Rcd1 e5 22. Bd5 b5 23. Kg2 Kg7 24. f4 f6 25.
fxe5 fxe5 26. Rf1 b6 27. Be6 b4 28. Bd5 b5 29. Rd3 Rxa2+ 30. Kh3 Ra7 31. Rdf3 b3 32. Rxb3 bxc4 33. Bxc4 h5 34. Bd3 Rd6 35. Be4 Kh6 36. Rbf3 Ra2 37. Rf6 Raa6 38. Rxd6 Rxd6 39. Rf8 Kg7 40.
Rc8 Be3 41. Rc6 Rxc6 42. Bxc6 g5 43. Kg2 g4 44. h3 Kh6 45. hxg4 h4 46. gxh4 Bd2 47.
Kf3 Be1 48. h5 Bd2 49. Be4 Bf4 50. Bc6 Kg5 51. Be4 Kh6 52. Bc6 Kg5 53. Be4 Kh6 1/2-1/2

[Event "Early-Titled-Tuesday-Blitz-April-02-2024"]
[Site "Chess.com"]
[Date "2024.04.02"]
[Round "1"]
[White "Yan_Dyomin2010"]
[Black "David_ATM"]
[Result "1/2-1/2"]
[WhiteElo "2697"]
[BlackElo "2407"]
[TimeControl "180+1"]
[EndTime "8:07:58 PDT"]
[Termination "Game drawn - insufficient material"]

1. e4 e5 2. Nc3 Nc6 3. Bc4 Nf6 4. d3 Bc5 5. h3 d6 6. Nge2 a6 7. a3 Ba7 8. O-O h6 9. Be3 O-O 10. Bxa7 Rxa7 11. Qd2 Be6 12. Bxe6 fxe6 13. f4 Ra8 14. fxe5 dxe5 15. Nd1 Qd7 16. Ne3 Nxe4 17. Qe1 Rxf1+ 18. Nxf1 Nf6 19. Nc3 Rf8 20. Ne3 Qd4 21. Kh1 Nd5 22.
Nc4 Nxc3 23. bxc3 Qf2 24. Nxe5 Qxe1+ 25. Rxe1 Nxe5 26. Rxe5 Rf1+ 27. Kh2 Kf7 28. Rc5 c6 29. Rc4 Ra1 30. a4 Ra2 31. Rb4 b5 32. axb5 axb5 33.
c4 Rxc2 34. cxb5 cxb5 35. Rxb5 Rc3 36. Rb7+ Kf6 37. Rd7 g6 38. Kg3 Rc5 39. Kf4 Rd5 40.
Rxd5 exd5 41. h4 g5+ 42. hxg5+ hxg5+ 43. Kg4 Kg6 44. d4 Kf6 45. Kh5 Kf5 46. g3 Ke4 47. Kxg5 Kxd4 48. Kf4 Kc3 49. g4 d4 50. g5 d3 51. g6 d2 52. g7 d1=Q 53. g8=Q Qf1+ 54. Ke5 Qe2+ 55. Kd6 Qd3+ 56. Kc6 Qc4+ 57. Qxc4+ Kxc4 1/2-1/2

[Event "Early-Titled-Tuesday-Blitz-April-02-2024"]
[Site "Chess.com"]
[Date "2024.04.02"]
[Round "1"]
[White "santosalberto1987"]
[Black "GM_Levan_Pantsulaia"]
[Result "0-1"]
[WhiteElo "2505"]
[BlackElo "2882"]
[TimeControl "180+1"]
[EndTime "8:07:59 PDT"]
[Termination "GM_Levan_Pantsulaia won by resignation"]

1. e4 c5 2. Nf3 e6 3. g3 Nc6 4. Bg2 Nf6 5. Qe2 d6 6. O-O Be7 7. c3 e5 8. Rd1 O-O 9. h3 Qb6 10. Na3 h6 11. Nc4 Qa6 12. d3 Re8 13. Ne3 Bf8 14. Nd5 Nxd5 15. exd5 Ne7 16. c4 b5 17. b3 bxc4 18. bxc4 Rb8 19. Qc2 Bd7 20. a4 Rb4 21. Bd2 Rxa4 22. Rxa4 Bxa4 23. Qa2 Nc8 24. Ra1 Nb6 25. Bc3 Ra8 26. Nd2 Qc8 27.
Ba5 Be7 28. Qb2 Bd8 29. Ne4 Bc7 30. Qa2 f5 31. Nc3 Be8 32. h4 Nd7 33. Bh3 Nf6 34. Bxc7 Qxc7 35. Bxf5 Bd7 36. Bxd7 Qxd7 37. Qa6 Qh3 38. Ne4 Ng4 39. Ra2 Rf8 40. Qxd6 Qh2+ 41. Kf1 Qh1+ 42. Ke2 Qf3+ 43. Ke1 Qxd3 44. Qe6+ Kh8 45. Qxg4 Qb1+ 46. Ke2 Qxa2+ 47. Kf1 Qxc4+ 48.
Kg2 Qxd5 49. Kh2 c4 50. h5 Qd4 51. Qg6 c3 52. g4 c2 53. g5 c1=Q 0-1

[Event "Early-Titled-Tuesday-Blitz-April-02-2024"]
[Site "Chess.com"]
[Date "2024.04.02"]
[Round "1"]
[White "Andrei_Skvortsov"]
[Black "PIwan"]
[Result "0-1"]
[WhiteElo "2700"]
[BlackElo "2426"]
[TimeControl "180+1"]
[EndTime "8:08:01 PDT"]
[Termination "PIwan won by checkmate"]

1. e4 e6 2. Nf3 d5 3. exd5 exd5 4. Bd3 Nf6 5. O-O Bg4 6. h3 Bh5 7. c3 Be7 8. Re1 O-O 9. Bc2 c5 10. d4 cxd4 11. cxd4 Nc6 12. Be3 Ne4 13. Nc3 Nxc3 14. bxc3 Na5 15. Rb1 b6 16. Qd3 Bg6 17. Qe2 Bxc2 18.
Qxc2 Rc8 19. Qd3 Nc4 20. Bf4 Bf6 21. Re2 Re8 22. Rbe1 Rxe2 23. Rxe2 Qd7 24. g4 g6 25. Kg2 Re8 26. Ne5 Nxe5 27. dxe5 Bg7 28. Bg3 Qc6 29. Kg1 Rc8 30. Bf4 Qxc3 31. Qxd5 Qxh3 32. Qd7 Rf8 33.
Re3 Qh4 34. Bg3 Qd8 35. Qxa7 Qd1+ 36. Kg2 Qxg4 37. Qxb6 h5 38. f3 Qg5 39. Re4 Rd8 40. Rd4 Rc8 41. Qb3 Bxe5 42. f4 Qg4 43. Re4 h4 44. Rxe5 hxg3 45. Re7 Qxf4 46. Rd7 Qf2+ 47.
Kh3 Qf5+ 48. Kh4 Qxd7 49. Qxg3 Rc4+ 50. Kg5 Qf5+ 51. Kh6 Qh5# 0-1

[Event "Early-Titled-Tuesday-Blitz-April-02-2024"]
[Site "Chess.com"]
[Date "2024.04.02"]
[Round "1"]
[White "TitanChess666"]
[Black "lilleper1"]
[Result "0-1"]
[WhiteElo "2512"]
[BlackElo "2902"]
[TimeControl "180+1"]
[EndTime "8:08:02 PDT"]
[Termination "lilleper1 won by resignation"]

1. e4 e5 2. Nf3 Nc6 3. Bc4 g6 4. O-O Bg7 5. c3 Nf6 6. Re1 O-O 7. d3 h6 8. h3 d5 9. exd5 Nxd5 10. Nbd2 Kh7 11.
Bb5 Nf4 12. Ne4 a6 13. Bxc6 bxc6 14. Bxf4 exf4 15. d4 Qd5 16. Nc5 Rb8 17. b4 a5 18.
a3 g5 19. Ne5 Bf5 20. Qf3 Qxf3 21. gxf3 axb4 22. axb4 Ra8 23. Kg2 Bxe5 24. Rxa8 Rxa8 25. Rxe5 Kg6 26. Re7 Ra7 27. Ne4 h5 28. Nd2 Kf6 29.
Re8 Ra3 30. c4 Rd3 31. Ne4+ Bxe4 32. Rxe4 Rb3 33. d5 Rxb4 34. dxc6 Rb6 35. h4 Rxc6 36.
hxg5+ Kxg5 37. Kh3 Kf5 38. Kg2 Rg6+ 39. Kh2 Re6 40. Rd4 Re2 41. Kg2 Rc2 42. Kh2 c6 43. Kg2 Kg5 44. Re4 Kf5 45. Rd4 Kg5 46. Re4 f5 47. Rd4 h4 48. Kg1 c5 49. Rd8 Rxc4 50.
Rg8+ Kf6 51. Rh8 Rc1+ 52. Kg2 Ke5 53. Rxh4 c4 54. Rh8 c3 55. Re8+ Kd4 56. Rd8+ Kc4 57. Rf8 Rd1 58. Rxf5 c2 59. Rxf4+ Rd4 60. Rf8 Rd5 0-1

[Event "Early-Titled-Tuesday-Blitz-April-02-2024"]
[Site "Chess.com"]
[Date "2024.04.02"]
[Round "1"]
[White "Keeper0416"]
[Black "zurzan"]
[Result "1-0"]
[WhiteElo "2564"]
[BlackElo "2073"]
[TimeControl "180+1"]
[EndTime "8:08:05 PDT"]
[Termination "Keeper0416 won on time"]

1. c4 g6 2. d4 Bg7 3. Nc3 Nf6 4. Nf3 d6 5. g3 O-O 6. Bg2 c5 7. d5 a6 8. a4 e6 9. O-O exd5 10. cxd5 Nbd7 11.
Bf4 Qc7 12. h3 Nh5 13. Bg5 Re8 14. g4 Nhf6 15. Bf4 Ne4 16. Qc2 Nxc3 17. bxc3 Nb6 18.
Nd2 f5 19. a5 Nd7 20. gxf5 gxf5 21. Qxf5 Ne5 22. Qh5 Ng6 23. Nc4 Re5 24. Bxe5 dxe5 25. Be4 Qf7 26. e3 Bd7 27. Kh1 Re8 28. Nd6 Qf6 29.
Nxe8 Bxe8 30. Rg1 Bf7 31. Qf3 Qd6 32. Rab1 Nh4 33. Qg3 Qf6 34. Qxg7+ Qxg7 35. Rxg7+ Kxg7 36. Rxb7 Kf6 37. Rb6+ Kg5 38. Rxa6 Bh5 39. Rc6 Nf3 40. Bxf3 Bxf3+ 41. Kh2 Bxd5 42. Rxc5 Bb7 43. Rxe5+ Kf6 44.
f4 Ba6 45. h4 h6 46. Kg3 Be2 47.
Kf2 Ba6 48. Ke1 h5 49. Kd2 Bc8 50. Kc1 Bg4 51. Kb2 Bf5 52. Ka3 Bd3 53. Kb4 1-0

[Event "Early-Titled-Tuesday-Blitz-April-02-2024"]
[Site "Chess.com"]
[Date "2024.04.02"]
[Round "1"]
[White "CrushingKings"]
[Black "xiaopang123"]
[Result "0-1"]
[WhiteElo "2565"]
[BlackElo "2236"]
[TimeControl "180+1"]
[EndTime "8:08:06 PDT"]
[Termination "xiaopang123 won on time"]

1. Nf3 d5 2. g3 Nd7 3. d4 c6 4.
Bg2 Nb6 5. Nh4 g6 6. O-O Bg7 7.
b3 e5 8. Bb2 e4 9. c4 g5 10. c5 gxh4 11. cxb6 axb6 12. f3 hxg3 13. fxe4 gxh2+ 14. Kh1 dxe4 15. e3 Nf6 16. Nd2 Bg4 17. Qe1 O-O 18. Qg3 Be6 19. Rf4 Kh8 20. Rh4 Bd5 21. Rf1 h6 22. Qxh2 Ng8 23. Nc4 Rxa2 24.
Ra1 Rxa1+ 25. Bxa1 Qa8 26. Qg1 Bxc4 27. bxc4 f5 28.
Bc3 Qa3 29. Be1 Qc1 30. Rf4 Bxd4 31. Rf1 Bxe3 32. Qh2 Qb2 33. Bg3 Bd4 34. Bf4 Bg7 35. Bh3 Qxh2+ 36. Kxh2 Ne7 37. Bd6 Re8 38. Kg2 Ng6 39.
Kf2 f4 40. Bf5 e3+ 41. Ke2 f3+ 42. Rxf3 Nh4 43. Rf4 Nxf5 44. Rxf5 c5 45. Bc7 Bd4 46. Bxb6 Ra8 47. Bxc5 Ra2+ 48. Kf3 Rf2+ 49. Ke4 Bxc5 50. Rxc5 e2 0-1

[Event "Early-Titled-Tuesday-Blitz-April-02-2024"]
[Site "Chess.com"]
[Date "2024.04.02"]
[Round "1"]
[White "KnightmareJoker"]
[Black "Mikhail_Golubev"]
[Result "1-0"]
[WhiteElo "2324"]
[BlackElo "2614"]
[TimeControl "180+1"]
[EndTime "8:08:09 PDT"]
[Termination "KnightmareJoker won on time"]

1. e4 c5 2. Nf3 Nc6 3. d4 cxd4 4. Nxd4 Nf6 5. Nc3 d6 6. Be2 g6 7. O-O Bg7 8. Re1 O-O 9. Nb3 a6 10. Bf1 b5 11. Nd5 Bb7 12. a4 b4 13. a5 Nd7 14. c3 bxc3 15. bxc3 e6 16. Ne3 Bxc3 17. Nc4 Bxa1 18. Nxa1 Nxa5 19. Nxd6 Bc6 20. Bh6 Qf6 21. Bxf8 Kxf8 22. Nb3 Ba4 23. e5 Nxe5 24. Qa1 Bxb3 25. Qxa5 Bd5 26. Qb4 Kg7 27. Qa4 Rd8 28. Ne4 Bxe4 29.
Qxe4 Nd7 30. Bxa6 Nc5 31. Qe2 Nxa6 32. Qxa6 Rd2 33. Qf1 h5 34. Re2 Rb2 35. h3 Rxe2 36. Qxe2 Qa1+ 37. Kh2 Qd4 38. g3 h4 39. gxh4 Qf4+ 40.
Kg2 Qxh4 41. Qe5+ Qf6 42. Qe2 Qf5 43. Kh2 Qf4+ 44. Kg2 Qd4 45. Kh2 e5 46. Kg2 Qf4 47. Qa2 f5 48. Qa7+ Kh6 49. Qb8 Qe4+ 50. Kh2 Qf4+ 51.
Kg2 Qe4+ 52. Kh2 Qf3 53. Qh8+ Kg5 54. Qd8+ Kf4 55. Qh4+ 1-0